 Dungeon Crawl Stone Soup version 0.31-a0-277-g31ea1f6 (webtiles) character file.

Game seed: 17568505326080130480

2362478 bloodbathe the Acrobat (level 25, 126/126 HPs)
             Began as a Felid Summoner on July 15, 2023.
             Was the Champion of Jiyva.
             Escaped with the Orb
             ... and 4 runes!
             The game lasted 04:37:44 (66515 turns).

bloodbathe the Acrobat (Felid Summoner)            Turns: 66515, Time: 04:37:44

Health: 126/126    AC: 18    Str:  4    XL:     25   Next: 84%
Magic:  45/45      EV: 79    Int: 17    God:    Jiyva [******]
Gold:   4265       SH:  0    Dex: 33    Spells: 8/41 levels left
                                        Lives:  2   Deaths: 3

rFire   + .          .
                       - Unarmed
rCold   + . .        (shield unavailable)
rNeg    . . .        (body armour unavailable)
rPois   ∞            (helmet unavailable)
rElec   +            (cloak unavailable)
rCorr   +            (gloves unavailable)
SInv    +            (boots unavailable)
Will    +++..        L - amulet of Cyreix {Spirit rPois rC+ Stlth+}
Stlth   +++          T - ring of the Forgotten Places {rElec rF+ rCorr}
HPRegen 2.01/turn    u - ring of Gauhailo {Drain *Slow rElec MP+9 Dex+9}
MPRegen 0.79/turn

%: slow self (1%), guardian spirit
@: storm-form, flying
A: cleaving, insubstantial, flying, very small, (claws 1), (fangs 3), see
invisible, (speed 1), (shaggy fur 3), (stealthy paws), no weapons or thrown
items, no armour, multi-lived, (horns 1), (camouflage 1), clumsy 1, dopey 1,
inhibited regeneration, wild magic 2, (gelatinous body 1), inability to read
after injury 1
0: Orb of Zot
}: 4/15 runes: barnacled, slimy, silver, gossamer
a: Blinkbolt, Begin Untransformation, Renounce Religion, Oozemancy, Slimify


You escaped.
You worshipped Jiyva.
Jiyva was exalted by your worship.
You were a lightning-filled tempest!
You visited 11 branches of the dungeon, and saw 53 of its levels.
You visited 2 bazaars.
You visited 1 ziggurat, and saw 5 of its levels.
You also visited: Bailey and Desolation.

You collected 8132 gold pieces.
You spent 3867 gold pieces at shops.

Inventory:

Jewellery
 m - the amulet "Moessie" {Reflect Int+6 SH+5}
   (You found it on level 5 of the Pits of Slime)

   [amulet of reflection]

   It reflects blocked missile attacks.
   Int:       It affects your intelligence (+6).
   SH:        It affects your SH (+5).
 u - the ring of Gauhailo (right paw) {Drain *Slow rElec MP+9 Dex+9}
   (You acquired it in a bailey)

   [ring of magical power]

   Dex:       It affects your dexterity (+9).
   rElec:     It insulates you from electricity.
   MP:        It affects your magic capacity (+9).
   Drain:     It drains your maximum health when unequipped.
   *Slow:     It may slow you when you take damage.
 v - the ring of Descent {rC++ AC+4}
   (You took it off a deep elf annihilator on level 3 of the Elven Halls)

   [ring of protection]

   AC:        It affects your AC (+4).
   rC:        It greatly protects you from cold.
 L - the amulet of Cyreix (around neck) {Spirit rPois rC+ Stlth+}
   (You found it on level 4 of the Shoals)

   [amulet of guardian spirit]

   It causes incoming damage to be divided between your reserves of health and
   magic.
   rC:        It protects you from cold.
   rPois:     It protects you from poison.
   Stlth:     It makes you more stealthy.
 M - the ring of Qeetuuru {EV+5 Int+4 Dex+2}
   (You took it off a merfolk impaler on level 4 of the Shoals)

   [ring of evasion]

   EV:        It affects your evasion (+5).
   Int:       It affects your intelligence (+4).
   Dex:       It affects your dexterity (+2).
 R - a ring of protection from cold
 T - the ring of the Forgotten Places (left paw) {rElec rF+ rCorr}
   (You took it off a deep elf high priest on level 5 of the Vaults)

   [ring of resist corrosion]

   rF:        It protects you from fire.
   rElec:     It insulates you from electricity.
   rCorr:     It protects you from acid and corrosion.
Talismans
 Q - a storm talisman
Wands
 j - a wand of flame (87)
 w - a wand of light (44)
 y - a wand of mindburst (22)
 E - a wand of paralysis (20)
 G - a wand of iceblast (19)
 N - a wand of polymorph (18)
 P - a wand of digging (4)
Scrolls
 n - 18 scrolls of teleportation
 r - 5 scrolls of fear
 x - 22 scrolls of identify
 z - 4 scrolls of fog
 B - 4 scrolls of blinking
 C - 8 scrolls of amnesia
 F - a scroll of silence
 S - 2 scrolls of poison
Potions
 a - 4 potions of magic
 b - 14 potions of curing
 e - 3 potions of invisibility
 f - 5 potions of might
 g - 3 potions of enlightenment
 h - 2 potions of cancellation
 i - 6 potions of lignification
 k - 5 potions of berserk rage
 l - 6 potions of haste
 p - 10 potions of brilliance
 s - 6 potions of resistance
 D - 3 potions of attraction
 H - 9 potions of ambrosia
 I - 3 potions of heal wounds


   Skills:
 - Level 20.0 Fighting
 + Level 24.7 Dodging
 - Level 16.3 Stealth
 * Level 20.9 Unarmed Combat
 - Level 8.7 Spellcasting
 - Level 7.0 Hexes
 - Level 20.2 Summonings
 - Level 6.0 Air Magic
 * Level 23.5 Shapeshifting


You had 8 spell levels left.
You knew the following spells:

 Your Spells              Type           Power      Damage    Failure   Level
a - Summon Mana Viper     Hex/Summ       72%        N/A       4%          5
c - Call Canine Familiar  Summ           89%        N/A       1%          3
d - Vhi's Electric Charg  Tloc/Air       56%        N/A       19%         3
f - Summon Forest         Summ/Tloc      30%        N/A       11%         5
g - Summon Cactus Giant   Summ           44%        N/A       2%          6
h - Summon Hydra          Summ           44%        N/A       6%          7
s - Summon Lightning Spi  Summ/Air       70%        N/A       2%          4

Your spell library contained the following spells:

 Spells                   Type           Power      Damage    Failure   Level
 Summon Small Mammal      Summ           100%       N/A       1%          1
 Call Imp                 Summ           100%       N/A       1%          2
 Summon Guardian Golem    Hex/Summ       72%        N/A       1%          3
 Confusing Touch          Hex            50%        N/A       5%          3
 Summon Ice Beast         Ice/Summ       61%        N/A       5%          4
 Swiftness                Air            44%        N/A       8%          3
 Poisonous Vapours        Pois/Air       56%        N/A       11%         2
 Cause Fear               Hex            25%        N/A       13%         4
 Cigotuvi's Dreadful Rot  Necr/Pois/Air  44%        N/A       14%         2
 Apportation              Tloc           22%        N/A       21%         1
 Foxfire                  Conj/Fire      44%        2x1d6     21%         1
 Freeze                   Ice            44%        1d6       21%         1
 Kiss of Death            Conj/Necr      44%        2d8       21%         1
 Magic Dart               Conj           44%        1d5       21%         1
 Necrotise                Necr           44%        1d6       21%         1
 Sting                    Tmut/Pois      44%        1d5       21%         1
 Mephitic Cloud           Conj/Pois/Air  22%        N/A       26%         3
 Blink                    Tloc           22%        N/A       28%         2
 Lesser Beckoning         Tloc           22%        N/A       28%         2
 Momentum Strike          Conj/Tloc      22%        3d8       28%         2
 Passwall                 Tmut/Erth      9%         N/A       28%         2
 Searing Ray              Conj           22%        2d5       28%         2
 Wereblood                Tmut           11%        N/A       28%         2
 Summon Horrible Things   Summ           44%        N/A       30%         8
 Fulminant Prism          Conj/Hex       15%        3d11      38%         4
 Frozen Ramparts          Ice            22%        1d4       45%         3
 Hailstorm                Conj/Ice       11%        3d5       45%         3
 Ignite Poison            Fire/Tmut/Pois 11%        N/A       45%         3
 Ozocubu's Armour         Ice            11%        N/A       45%         3
 Vampiric Draining        Necr           11%        2d6       45%         3
 Metabolic Englaciation   Hex/Ice        15%        N/A       71%         5
 Arcjolt                  Conj/Air       14%        1d24      77%         5
 Animate Dead             Necr           11%        N/A       82%         4
 Dispel Undead            Necr           11%        3d9       82%         4
 Iskenderun's Mystic Bla  Conj/Tloc      11%        2d4       82%         4
 Manifold Assault         Tloc           11%        N/A       82%         4
 Olgreb's Toxic Radiance  Pois           11%        N/A       82%         4
 Passage of Golubria      Tloc           11%        N/A       82%         4
 Petrify                  Tmut/Erth      11%        N/A       82%         4
 Sticky Flame             Conj/Fire      11%        2d3       82%         4
 Freezing Cloud           Conj/Ice/Air   11%        6-21      87%         5
 Haunt                    Necr/Summ      30%        N/A       89%         7
 Malign Gateway           Summ/Tloc      30%        N/A       89%         7
 Agony                    Necr           11%        N/A       98%         5
 Alistair's Intoxication  Tmut/Pois      7%         N/A       98%         5
 Fireball                 Conj/Fire      5%         3d5       98%         5
 Irradiate                Conj/Tmut      5%         3d13      98%         5
 Lee's Rapid Deconstruct  Erth           5%         3d6*      98%         5
 Plasma Beam              Fire/Air       14%        2x1d25    99%         6
 Dispersal                Tloc           5%         N/A       100%        6
 Eringya's Noxious Bog    Tmut/Pois      5%         4d6       100%        6
 Simulacrum               Ice/Necr       5%         N/A       100%        6
 Starburst                Conj/Fire      5%         6d4       100%        6
 Ozocubu's Refrigeration  Ice            5%         4d8       100%        7
 Borgnjor's Revivificati  Necr           5%         N/A       100%        8
 Discord                  Hex            25%        N/A       100%        8
 Disjunction              Tloc           5%         N/A       100%        8
 Ignition                 Fire           5%         3d4       100%        8
 Infestation              Necr           5%         N/A       100%        8
 Lehudib's Crystal Spear  Conj/Erth      5%         10d3      100%        8
 Dragon's Call            Summ           44%        N/A       98%         9
 Chain Lightning          Conj/Air       14%        3d18      100%        9
 Polar Vortex             Ice            5%         N/A       100%        9
 Animate Armour           Summ/Erth      Unusable   N/A       N/A         4
 Portal Projectile        Hex/Tloc       Unusable   N/A       N/A         3
 Sublimation of Blood     Necr           Unusable   N/A       N/A         2

Dungeon Overview and Level Annotations

Branches:
Dungeon (15/15)            Temple (1/1) D:7            Lair (5/5) D:11
 Shoals (4/4) Lair:3       Spider (4/4) Lair:3        Slime (5/5) Lair:5
    Orc (2/2) D:9             Elf (3/3) Orc:2        Vaults (5/5) D:13
  Crypt (0/3) Vaults:2     Depths (4/4) D:15            Zot (5/5) Depths:4
 Bailey (visited)         Desolation (visited)

Altars:
Ashenzari
Cheibriados
Dithmenos
Elyvilon
Fedhas
Gozag
Hepliaklqana
Kikubaaqudgha
Makhleb
Nemelex Xobeh
Okawaru
Qazlal
Ru
Sif Muna
Trog
Uskayaw
Vehumet
Wu Jian
Xom
Yredelemnul
Zin
The Shining One
Jiyva
Lugonu

Shops:
D:5 ?   D:7 *   D:10 *   Orc:2 ([[=   Elf:1 :=:   Elf:3 [*(:   Shoals:1 :
Vaults:1 [

Portals:
Hell: Depths:1 Depths:2 Depths:3 Depths:4
Abyss: Depths:2 Depths:3
Pandemonium: Depths:2
Trove: D:14 (give horn of Geryon)

Annotations:
D:6 2 transporters, Dawnplanks's ghost, amateur OpIE
Slime:2 Dissolution
Slime:5 Royal Jelly


Innate Abilities, Weirdness & Mutations

You are a lightning-filled tempest!
Your electrical attacks strike out in all directions at once.
You are incredibly evasive.
Your insubstantial body is immune to petrification, constriction, and being set on fire You are flying.
You are immune to poison.
((You have sharp claws.))
((You have razor-sharp teeth.))
You have supernaturally acute eyesight. (SInv)
((You cover ground quickly. (Speed+)))
((Your thick and shaggy fur keeps you warm. (AC +3, rC+)))
((Your paws help you pounce on unaware monsters.))
You are incapable of wielding weapons or throwing items.
You cannot wear armour.
You gain extra lives every three experience levels.
((You have a pair of small horns on your head.))
((Your skin changes colour to match your surroundings (Stealth+).))
You are clumsy. (Dex -2)
You are dopey. (Int -2)
You do not regenerate when monsters are visible.
Your spells are harder to cast, but more powerful.
((Your rubbery body absorbs attacks. (AC +1, EV +1)))
You occasionally lose the ability to read scrolls when taking damage.


Message History

A seraph and a cherub come into view.
The seraph is wielding a +6 great sword of flaming.
The cherub is wielding a +4 long sword of flaming.
You blast the orange demon!!!
The orange demon is severely wounded.
You blast the orange demon!!!
You kill the orange demon!
The orange demon completely misses you.
The seraph shouts a warning to its allies!
An angel comes into view. It is wielding a +2 whip of holy wrath.
An angel comes into view. It is wielding a +3 whip of holy wrath.
The seraph gestures.
The cherub sings a powerful hymn!
The angels go into a battle-frenzy!
The seraph gestures.
The seraph begins to accept its allies' injuries.
The daeva calls down the wrath of the Shining One upon you.
The Shining One smites you!
You feel yourself speed up. The orange demon barely misses you.
You feel energetic enough to blinkbolt again.
Okay, then.
Aiming: Dig
Press: ? - help, Shift-Dir - straight line A rock wall.
This square is covered in magical glow.
The rock shatters into small pieces.
Your extra speed is starting to run out.
A ynoxinul comes into view.
The ynoxinul bellows!
The ynoxinul completely misses you.
You completely miss the ynoxinul.
You punch the ynoxinul, but do no damage.
You feel yourself slow down.
You blast the ynoxinul!!!
You kill the ynoxinul!
Jiyva says: Divide and consume!
There is a large open door here.
There is an open door here.
There is an open door here.
There is a staircase leading out of the dungeon here.
You have escaped!

#...##.##.# #.# #.##
###.##....# #.# ##.#
#.####..# #.##########.
#.# #..# #.##.....# #.
#.####### #.##.....###.
#.....♣♣♣ #.##.........
#..##..8♣ ####
#.##.....#### #...#.♣♣♣
#..# #.##.....#
#####.#####v.###.#.##.###
#.#...##'##...#...####
#.'.♣.'..###.....#...#
#.'...#.###......#...#
#.#####.####.....#...###
###..~~~####.#............
#......⌠# #.###..........
#.####### #.# #..........
#....##.####.###.#.#......


There were no monsters in sight!

Vanquished Creatures
  Tiamat (Zot:3)
  4 dread liches
  An ancient lich (Zot:5)
  5 orbs of fire
  A pandemonium lord (Depths:1)
  Parghit (Zot:3)
  4 Killer Klowns
  Margery (Vaults:4)
  12 golden dragons
  3 electric golems
  21 tentacled monstrosities
  Asterion (Vaults:1)
  25 Orb Guardians
  A lich (Depths:2)
  A deep elf blademaster (Elf:3)
  5 titans (Vaults:5)
  6 quicksilver dragons
  7 death cobs
  A deep elf master archer (Elf:3)
  11 shadow dragons
  5 sphinxes
  15 storm dragons
  6 draconian monks
  7 tengu reavers
  A fire giant (Depths:3)
  17 draconian knights
  A deep elf sorcerer (Elf:3)
  8 draconian scorchers
  An iron dragon (Vaults:5)
  A balrug (D:3)
  An imperial myrmidon (Desolation)
  5 vault wardens
  4 frost giants
  An orc warlord (Vaults:4)
  12 draconian annihilators
  5 draconian shifters
  2 cacodemons
  3 deep elf elementalists
  4 ironbound preservers
  9 very ugly things
  A reaper (D:13)
  A war gargoyle (Vaults:5)
  8 ghost moths
  10 stone giants
  8 draconian stormcallers
  4 vampire knights (Zot:2)
  15 black draconians
  2 ironbound thunderhulks
  4 deep elf annihilators
  14 green draconians
  5 dire elephants
  16 purple draconians
  5 deep elf demonologists
  A spark wasp (Depths:4)
  16 white draconians
  12 red draconians
  A halazid warlock (Desolation)
  A lorocyproca (D:3)
  12 yellow draconians
  3 deep elf death magi (Elf:3)
  A green death (Depths:1)
  10 ettins
  2 crystal guardians (Desolation)
  A blizzard demon (D:4)
  5 fire dragons
  3 ragged hierophants (Desolation)
  4 yaktaur captains
  3 entropy weavers
  16 vault guards
  11 servants of whispers
  4 ice dragons
  A spriggan air mage (Depths:2)
  2 rakshasas (Depths:1)
  5 centaur warriors
  3 two-headed ogres
  A boulder beetle (Vaults:1)
  A merfolk avatar (Shoals:3)
  5 peacekeepers (Desolation)
  2 ogre magi
  4 ironbound frosthearts
  2 merfolk aquamancers
  A satyr (Shoals:4)
  A deep troll shaman (Depths:1)
  2 deep troll earth magi
  4 hell hogs (Depths:1)
  A vampire mage (Depths:2)
  10 dancing weapons
  2 spriggan berserkers
  7 deep elf knights
  5 demonic crawlers
  4 iron trolls
  A soul eater (D:2)
  5 sun demons
  5 hell knights
  3 sixfirhies
  6 sea snakes
  A pharaoh ant (Spider:1)
  9 nameless horrors
  24 deep trolls
  2 orb spiders
  8 ironbound convokers
  2 wizards
  3 flayed ghosts
  9 harpies
  4 lindwurms
  11 deep elf archers
  An orc knight (Vaults:4)
  4 wolf spiders
  24 deep elf pyromancers
  3 necromancers
  A steelbarb worm (Spider:2)
  15 deep elf zephyrmancers
  3 fauns
  A cyclops (Shoals:2)
  An ugly thing (D:15)
  A manticore (Shoals:3)
  4 guardian serpents
  A merfolk siren (Shoals:3)
  26 moths of wrath
  A rust devil (Depths:1)
  A toenail golem (Zot:1)
  2 black mambas (Lair:5)
  13 vault sentinels
  2 molten gargoyles (Lair:5)
  2 torpor snails (Spider:3)
  2 orange demons
  2 smoke demons (Depths:3)
  A cane toad (shapeshifter) (Orc:2)
  2 rime drakes
  3 cane toads (Lair:5)
  15 yaktaurs
  2 komodo dragons (Lair:4)
  A red devil (Depths:1)
  A hellwing (Depths:3)
  5 merfolk
  A polar bear (Lair:5)
  2 trolls
  29 saltlings (Desolation)
  9 tarantellas
  3 blink frogs
  2 snapping turtles
  A wind drake (Shoals:3)
  A jumping spider (Spider:1)
  8 culicivoras
  2 air elementals
  A ynoxinul (D:1)
  3 water elementals
  8 yaks
  3 vampire mosquitoes
  10 redbacks
  An acid dragon (Zot:1)
  3 water moccasins
  14 orc warriors
  3 ogres
  A boggart (Vaults:1)
  A wolf (Lair:4)
  3 electric eels (Bailey)
  A lava snake (Lair:5)
  6 orc priests (Orc:2)
  8 orc wizards
  A gnoll (Bailey)
  An adder (D:3)
  21 orcs
  4 bats
  2 endoplasms (D:1)
  A goblin (Bailey)
  3 hobgoblins
  A ball python (D:1)
  A spectral weapon (Zot:5)
874 creatures vanquished.

Vanquished Creatures (collateral kills)
  A dread lich (Zig:5)
  An ancient lich (Vaults:5)
  An orb of fire (Zot:5)
  Frederick (Vaults:4)
  Bai Suzhen (Vaults:4)
  A caustic shrike (Depths:3)
  4 golden dragons
  Jory (Vaults:2)
  2 bone dragons
  2 tentacled monstrosities (Vaults:5)
  Jorgrun (D:15)
  A quicksilver dragon (Vaults:5)
  A walking earthen tome (Depths:3)
  2 liches
  2 walking frostbound tomes
  2 deep elf blademasters
  2 titans (Vaults:5)
  A deep elf master archer (Elf:3)
  An ancient champion (Zig:5)
  A sphinx (Vaults:5)
  Kirke (D:12)
  A shadow dragon (Vaults:5)
  6 tengu reavers
  A draconian monk (Zot:2)
  2 storm dragons
  Donald (Shoals:3)
  7 fire giants
  5 frost giants
  6 deep elf sorcerers
  2 iron dragons
  10 vault wardens
  2 ghost moths
  2 emperor scorpions
  2 deep elf elementalists (Elf:3)
  Louise (D:15)
  A draconian shifter (Depths:4)
  8 ironbound preservers
  2 orc warlords
  2 spriggan defenders (Depths:2)
  5 stone giants
  3 ironbound thunderhulks
  4 vampire knights
  10 very ugly things
  4 war gargoyles (Vaults:5)
  A broodmother (Spider:3)
  3 deep elf demonologists (Elf:3)
  Nessos (D:15)
  2 black draconians
  2 purple draconians (Depths:4)
  The ghost of OneMonsteRemaining the Carver, a journeyman TrFi of the Shining One (Lair:2)
  8 deep elf annihilators
  3 dire elephants
  5 spark wasps (Depths:4)
  The ghost of NoWhammies the Grappler, a journeyman DrSh of Ashenzari (D:13)
  6 fire dragons
  5 deep elf high priests
  A mummy priest (Zig:1)
  6 merfolk impalers
  3 deep elf death magi (Elf:3)
  4 merfolk javelineers
  6 entropy weavers
  3 ettins
  4 yaktaur captains
  22 vault guards
  Harold (D:11)
  3 ragged hierophants (Desolation)
  A rakshasa (D:15)
  2 peacekeepers
  The ghost of hatwer the Merchant of Misery, a journeyman BaNe of Kikubaaqudgha (D:10)
  3 servants of whispers (Desolation)
  2 ice dragons
  Erolcha (D:10)
  A merfolk avatar (Shoals:3)
  4 radroaches
  A spriggan air mage (Depths:2)
  4 ironbound frosthearts
  A hydra (D:14)
  A death knight (D:13)
  7 satyrs (Shoals:4)
  17 dancing weapons
  An alligator snapping turtle (Shoals:4)
  7 deep troll shamans
  A jorogumo (Spider:2)
  6 centaur warriors
  3 two-headed ogres
  4 tengu warriors
  10 boulder beetles
  4 merfolk aquamancers
  A naga warrior (Zig:3)
  5 deep troll earth magi
  A naga sharpshooter (Zig:3)
  5 demonic crawlers
  2 spriggan berserkers
  Sonja (D:11)
  6 deep elf knights
  6 hell knights
  4 skysharks
  A fire crab (Lair:5)
  4 spriggans
  11 skeletal warriors
  4 sun moths (Spider:4)
  A pharaoh ant (Spider:4)
  7 sea snakes
  4 iron trolls
  2 flayed ghosts
  2 orb spiders
  4 wizards
  35 deep trolls
  A naga ritualist (Zig:3)
  12 ironbound convokers
  8 harpies
  3 phantasmal warriors (Vaults:5)
  6 lindwurms
  2 deep elf archers (Elf:1)
  2 necromancers (Vaults:5)
  13 deep elf pyromancers
  5 steelbarb worms
  10 orc knights
  14 deep elf zephyrmancers
  2 oklob plants (Shoals:2)
  A human zombie (Vaults:4)
  8 wolf spiders
  10 manticores
  4 orc sorcerers
  14 ugly things
  2 moths of wrath
  9 merfolk sirens
  12 fauns
  A black mamba (Zig:3)
  5 cyclopes
  A fire giant skeleton (Vaults:5)
  2 torpor snails
  A gargoyle (D:12)
  Joseph (D:9)
  12 vault sentinels
  3 guardian serpents (Desolation)
  9 water nymphs
  7 cane toads
  2 molten gargoyles
  An unseen horror (D:13)
  A rime drake (Lair:1)
  9 komodo dragons
  31 yaktaurs
  4 tengu conjurers
  28 merfolk
  6 meliai
  4 trolls
  6 wind drakes
  5 hornets
  2 polar bears
  34 saltlings
  6 tarantellas
  12 blink frogs
  4 snapping turtles
  8 culicivoras
  5 dream sheep
  2 slime creatures (D:10)
  A centaur simulacrum (D:14)
  3 air elementals
  A flying skull (Zig:1)
  3 vampires
  A shadow (D:9)
  A wraith (Shoals:3)
  36 yaks
  7 jumping spiders
  17 water elementals
  2 wyverns
  A fire elemental (Elf:2)
  7 vampire mosquitoes
  3 basilisks
  2 steam dragons (Lair:5)
  6 hogs (D:12)
  22 redbacks
  2 wargs
  A glowing shapeshifter zombie (Vaults:5)
  An acid dragon (D:14)
  3 hell hounds (Lair:5)
  8 water moccasins
  Duvessa (D:4)
  A glowing shapeshifter skeleton (Vaults:5)
  41 orc warriors
  4 ice beasts
  A sky beast (D:5)
  A black bear (shapeshifter) (D:15)
  14 centaurs
  2 boggarts (Vaults:1)
  11 wolves
  4 ogres
  A centaur (shapeshifter) (Depths:2)
  A phantom (D:5)
  2 kobold brigands
  6 bullfrogs
  8 scorpions
  A human simulacrum (Vaults:5)
  An earth elemental (Elf:3)
  A gnoll sergeant (D:9)
  11 wights
  Dowan (D:4)
  The ghost of Bundar the Covered, a weakling DsFi of Nemelex Xobeh (D:3)
  7 killer bees
  11 nameless horrors
  3 electric eels
  2 lava snakes (Lair:5)
  6 howler monkeys
  15 orc priests
  5 hounds
  9 jellies
  2 sleepcaps
  2 iguanas
  12 orc wizards
  11 gnolls
  9 adders
  A shadow imp (D:8)
  A white imp (D:7)
  2 ufetubi
  5 worms
  3 dart slugs
  76 orcs
  6 endoplasms
  A giant cockroach (D:4)
  16 goblins
  8 hobgoblins
  2 jackals (D:1)
  5 kobolds
  2 quokkas
  A training dummy (D:6)
  4 ball pythons
  3 bats
  A frilled lizard (D:2)
  A rat (D:1)
1220 creatures vanquished.

Vanquished Creatures (others)
  An ancient lich (Zot:5)
  Saint Roka (Orc:2)
  Rupert (D:12)
  Gastronok (D:11)
  A deep elf sorcerer (Elf:1)
  A war gargoyle (Vaults:5)
  An ironbound preserver (Vaults:5)
  3 formless jellyfish
  A green draconian (Zot:5)
  A spark wasp (Spider:4)
  6 great orbs of eyes
  A merfolk impaler (Shoals:4)
  Fannar (D:12)
  An entropy weaver (Vaults:1)
  A hydra (Lair:5)
  3 centaur warriors (Vaults:2)
  2 two-headed ogres (shapeshifter)
  2 dancing weapons
  A demonic crawler (Spider:4)
  An orc high priest (Bailey)
  A skeletal warrior (D:11)
  A pharaoh ant (Spider:1)
  A sea snake (shapeshifter) (Vaults:5)
  2 sea snakes (Shoals:4)
  2 glowing orange brains
  A deep troll (Vaults:1)
  3 deep elf zephyrmancers
  6 ironbound convokers
  A lindwurm (Vaults:2)
  A lindwurm (shapeshifter) (Vaults:5)
  2 orc knights
  A mana viper (shapeshifter) (Vaults:5)
  A cyclops (D:10)
  A necromancer (Vaults:4)
  An ugly thing (D:15)
  4 deep elf pyromancers
  4 fauns (Shoals:4)
  4 black mambas (Lair:5)
  3 merfolk sirens
  An eye of devastation (shapeshifter) (Elf:3)
  3 vault sentinels
  A gargoyle (D:11)
  A torpor snail (Lair:4)
  2 cane toads (Lair:2)
  4 komodo dragons
  A kobold demonologist (Bailey)
  3 yaktaurs (Vaults:3)
  2 trolls
  A meliai (Spider:4)
  7 merfolk (Shoals:4)
  A wind drake (Shoals:4)
  A snapping turtle (Shoals:4)
  3 tarantellas
  A saltling (Desolation)
  A dream sheep (Lair:5)
  24 slime creatures
  A vampire (D:9)
  An elf zombie (Vaults:4)
  20 yaks
  2 basilisks (Lair:5)
  2 redbacks (D:8)
  A hog (D:12)
  A vampire mosquito (D:12)
  A steam dragon (Lair:2)
  An acid dragon (D:12)
  5 water moccasins
  2 floating eyes (shapeshifter)
  9 orc warriors
  3 floating eyes
  A swamp drake (D:9)
  An ogre (D:7)
  4 centaurs
  A wolf (Lair:5)
  2 bullfrogs (Lair:4)
  A bullfrog (shapeshifter) (Depths:4)
  A scorpion (D:8)
  301 jellies
  7 killer bees (D:8)
  A nameless horror (Vaults:4)
  A human simulacrum (Vaults:4)
  4 orc priests (Orc:1)
  An orc wizard (Orc:1)
  11 orcs
  17 snaplasher vines
531 creatures vanquished.

Grand Total: 2625 creatures vanquished

Notes
Turn   | Place    | Note
-------+----------+-------------------------------------------
     0 | D:1      | bloodbathe the Felid Summoner began the quest for the Orb.
     0 | D:1      | Reached XP level 1. HP: 7/7 MP: 4/4
   277 | D:1      | Reached XP level 2. HP: 11/11 MP: 4/6
   458 | D:1      | Learned a level 2 spell: Call Imp
  1406 | D:2      | Reached XP level 3. HP: 14/14 MP: 4/7
  1645 | D:2      | Learned a level 3 spell: Call Canine Familiar
  2192 | D:3      | Reached skill level 5 in Summonings
  2259 | D:3      | Found a radiant altar of Vehumet.
  2357 | D:3      | Reached XP level 4. HP: 18/18 MP: 9/9
  2636 | D:3      | Found a large runed translucent door.
  2636 | D:3      | Found a large runed translucent door.
  2641 | D:3      | Noticed Bundar's ghost (weakling DsFi)
  2906 | D:3      | Reached XP level 5. HP: 12/21 MP: 3/10
  3323 | D:3      | Killed Bundar's ghost
  3434 | D:3      | Learned a level 3 spell: Summon Guardian Golem
  3435 | D:4      | Noticed an ogre
  3452 | D:3      | Killed an ogre
  3568 | D:4      | Gained mutation: You are covered in thick fur. (AC +2)
                  | [Felid growth]
  3568 | D:4      | Reached XP level 6. HP: 24/24 MP: 6/12
  3634 | D:4      | Noticed an ice beast
  3671 | D:4      | Killed an ice beast
  4933 | D:4      | Reached XP level 7. HP: 27/27 MP: 10/14
  4963 | D:4      | Noticed Dowan
  4966 | D:4      | Noticed Duvessa
  5031 | D:4      | Killed Dowan
  5396 | D:4      | Killed Duvessa
  5397 | D:4      | Reached skill level 5 in Hexes
  5520 | D:5      | Entered Level 5 of the Dungeon
  5623 | D:5      | Found Gagas's Magic Scroll Emporium.
  5679 | D:5      | Found a shadowy altar of Dithmenos.
  5726 | D:5      | Found a stormy altar of Qazlal.
  5892 | D:5      | Reached XP level 8. HP: 31/31 MP: 7/15
  6551 | D:6      | Reached skill level 5 in Spellcasting
  6727 | D:6      | Reached skill level 10 in Summonings
  6727 | D:6      | Reached skill level 3 in Dodging
  6727 | D:6      | Reached skill level 1 in Unarmed Combat
  6727 | D:6      | Reached XP level 9. HP: 34/34 MP: 14/17
  6732 | D:6      | Learned a level 4 spell: Summon Lightning Spire
  6764 | D:6      | Found a transporter.
  6770 | D:6      | Noticed Dawnplanks's ghost (amateur OpIE)
  6848 | D:6      | Reached skill level 1 in Air Magic
  7501 | D:6      | Found a transporter.
  7762 | D:7      | Reached skill level 1 in Fighting
  7911 | D:7      | Found a sparkling altar of Nemelex Xobeh.
  8047 | D:7      | Found a staircase to the Ecumenical Temple.
  8378 | Temple   | Entered the Ecumenical Temple
  8535 | Temple   | Became a worshipper of the Shining One
  8631 | D:7      | Found Nasoisk's Gadget Gallery.
  8945 | D:7      | Found a hide-covered altar of Uskayaw.
  8948 | D:7      | Found a shimmering blue altar of Sif Muna.
  9571 | D:8      | Found the +9 staff of Olgreb {rPois∞}
  9594 | D:8      | Reached skill level 4 in Dodging
  9682 | D:8      | Found a runed translucent gate.
  9682 | D:8      | Found a runed translucent gate.
  9683 | D:8      | Found a runed translucent door.
 10133 | D:8      | Found a runed translucent gate.
 10135 | D:8      | Found a runed translucent door.
 10135 | D:8      | Reached * piety under the Shining One
 10460 | D:8      | Reached skill level 5 in Dodging
 10460 | D:8      | Reached XP level 10. HP: 42/42 MP: 10/20
 10937 | D:8      | Reached skill level 6 in Dodging
 11066 | D:8      | Reached skill level 7 in Dodging
 11314 | D:9      | Found a flagged portal.
 11407 | Bailey   | Entered a bailey
 11716 | Bailey   | Reached skill level 8 in Dodging
 11854 | Bailey   | Acquired the ring of Gauhailo {Drain *Slow rElec MP+9
                  | Dex+9}
 11946 | Bailey   | Noticed an orc high priest
 11954 | Bailey   | Slain by an ice devil
 11955 | Bailey   | Reached XP level 9. HP: -4/39 MP: 8/28
 11955 | Bailey   | Found an iron altar of Okawaru.
 12082 | Bailey   | Noticed a kobold demonologist
 12095 | Bailey   | Noticed a rust devil
 12096 | Bailey   | Killed a kobold demonologist
 12206 | Bailey   | Got the Spellbook of Transposition
 12387 | Bailey   | Reached skill level 9 in Dodging
 12697 | Bailey   | Noticed an ice devil
 12711 | Bailey   | Killed an orc high priest
 12712 | Bailey   | Reached XP level 10. HP: 35/42 MP: 20/20
 13220 | D:9      | Noticed Joseph
 13242 | D:9      | Killed Joseph
 13243 | D:9      | Reached skill level 10 in Dodging
 13334 | D:9      | Found a snail-covered altar of Cheibriados.
 13555 | D:9      | Found an ornate altar of the Wu Jian Council.
 14288 | D:9      | Reached skill level 5 in Fighting
 14482 | D:9      | Reached ** piety under the Shining One
 14526 | D:9      | Found a staircase to the Orcish Mines.
 14583 | D:10     | Entered Level 10 of the Dungeon
 14584 | D:10     | Noticed Erolcha
 14983 | D:10     | Found Zerchefu's CLEARANCE SALE!.
 15262 | D:10     | Found a white marble altar of Elyvilon.
 15320 | D:10     | Noticed a cyclops
 15337 | D:10     | Killed a cyclops
 15908 | D:10     | Found a runed translucent gate.
 15909 | D:10     | Found a runed translucent gate.
 15910 | D:10     | Found a runed translucent gate.
 15911 | D:10     | Noticed hatwer's ghost (journeyman BaNe)
 16151 | D:10     | Found a basalt altar of Yredelemnul.
 16217 | D:10     | Killed Erolcha
 16218 | D:10     | Reached XP level 11. HP: 51/51 MP: 17/21
 16505 | D:10     | Found a viscous altar of Jiyva.
 16636 | D:10     | Killed hatwer's ghost
 16693 | D:10     | Fell from the grace of the Shining One
 16693 | D:10     | Became a worshipper of Jiyva Jenid the Shapeless
 16842 | D:11     | Noticed a skeletal warrior
 16842 | D:11     | Noticed a skeletal warrior
 16842 | D:11     | Noticed a skeletal warrior
 16842 | D:11     | Noticed a skeletal warrior
 16932 | D:11     | Noticed Harold
 16938 | D:11     | Noticed a two-headed ogre
 16949 | D:11     | Killed Harold
 16987 | D:10     | Killed a two-headed ogre
 17162 | D:11     | Noticed Gastronok
 17190 | D:11     | Noticed a two-headed ogre
 17192 | D:11     | Killed Gastronok
 17193 | D:11     | Reached skill level 10 in Fighting
 17205 | D:11     | Killed a two-headed ogre
 17452 | D:11     | Killed a skeletal warrior
 17453 | D:11     | Reached skill level 5 in Stealth
 17493 | D:11     | Killed a skeletal warrior
 17604 | D:11     | Reached * piety under Jiyva
 17617 | D:11     | Reached skill level 11 in Dodging
 17659 | D:11     | Found a staircase to the Lair.
 17713 | D:11     | Noticed Sonja
 17728 | D:11     | Killed Sonja
 18015 | D:11     | Killed a skeletal warrior
 18022 | D:11     | Killed a skeletal warrior
 18023 | D:11     | Gained mutation: Your thick and shaggy fur keeps you warm.
                  | (AC +3, rC+) [Felid growth]
 18023 | D:11     | Reached XP level 12. HP: 58/58 MP: 14/22
 18386 | D:12     | Reached ** piety under Jiyva
 18515 | D:12     | Noticed Fannar
 18539 | D:12     | Killed Fannar
 18542 | D:12     | Noticed Rupert
 18573 | D:12     | Killed Rupert
 18574 | D:12     | Reached skill level 12 in Dodging
 18821 | D:12     | Noticed Kirke
 18904 | D:12     | HP: 2/58 [lindwurm/blast of flame[Kirke] (24)]
 18906 | D:12     | Killed from afar by a manticore
 18907 | D:12     | Reached XP level 11. HP: -1/54 MP: 16/21
 19105 | D:12     | Killed Kirke
 19132 | D:12     | Reached *** piety under Jiyva
 19472 | D:12     | Learned a level 7 spell: Summon Hydra
 19499 | Lair:1   | Entered Level 1 of the Lair of Beasts
 19499 | Lair:1   | Gained mutation: You are partially covered in iridescent
                  | scales. (AC +2) [Jiyva's grace]
 19499 | Lair:1   | Gained mutation: You are mostly covered in iridescent
                  | scales. (AC +4) [Jiyva's grace]
 19499 | Lair:1   | Gained mutation: You are completely covered in iridescent
                  | scales. (AC +6) [Jiyva's grace]
 19499 | Lair:1   | Gained mutation: Your body has grown eyes which may confuse
                  | attackers. (Acc +3) [Jiyva's grace]
 19841 | Lair:1   | Reached skill level 13 in Dodging
 19874 | Lair:1   | Reached XP level 12. HP: 58/58 MP: 23/23
 19886 | Lair:1   | Reached skill level 10 in Stealth
 19981 | Lair:1   | Reached **** piety under Jiyva
 21085 | Lair:2   | Reached ***** piety under Jiyva
 21160 | Lair:2   | Found a runed translucent door.
 21160 | Lair:2   | Noticed OneMonsteRemaining's ghost (journeyman TrFi)
 21380 | Lair:2   | Killed OneMonsteRemaining's ghost
 21474 | Lair:3   | Gained mutation: Armour fits poorly on your pseudopods.
                  | [Jiyva's grace]
 21474 | Lair:3   | Gained mutation: Armour fits poorly on your large
                  | pseudopods. [Jiyva's grace]
 21474 | Lair:3   | Gained mutation: Armour fits poorly on your massive
                  | pseudopods. [Jiyva's grace]
 21474 | Lair:3   | Gained mutation: Your melee attacks may engulf your foes in
                  | ooze. [Jiyva's grace]
 21663 | Lair:3   | Found a hole to the Spider Nest.
 22073 | Lair:3   | Reached skill level 14 in Dodging
 22322 | Lair:3   | Found a staircase to the Shoals.
 22967 | Lair:4   | Lost mutation: Your body has grown eyes which may confuse
                  | attackers. (Acc +3) [Jiyva's grace]
 22967 | Lair:4   | Lost mutation: Armour fits poorly on your massive
                  | pseudopods. [Jiyva's grace]
 22967 | Lair:4   | Gained mutation: You expend magic power (3 MP) to
                  | strengthen your wands. [Jiyva's grace]
 22967 | Lair:4   | Gained mutation: Your muscles are strong. (Str +4, Int/Dex
                  | -1) [Jiyva's grace]
 22967 | Lair:4   | Gained mutation: Your muscles are very strong. (Str +8,
                  | Int/Dex -2) [Jiyva's grace]
 22967 | Lair:4   | Gained mutation: You have a pair of small antennae on your
                  | head. [Jiyva's grace]
 22971 | Lair:4   | Reached ****** piety under Jiyva
 23305 | Lair:4   | Reached XP level 13. HP: 61/61 MP: 24/24
 23322 | Lair:4   | Reached skill level 15 in Summonings
 23674 | Lair:5   | Entered Level 5 of the Lair of Beasts
 24009 | Lair:5   | Found a staircase to the Slime Pits.
 24539 | Lair:5   | Found a large runed translucent door.
 24539 | Lair:5   | Found a large runed translucent door.
 24607 | Lair:5   | Noticed a fire dragon
 24795 | Lair:5   | Killed a fire dragon
 25283 | D:13     | Lost mutation: You are completely covered in iridescent
                  | scales. (AC +6) [Jiyva's grace]
 25283 | D:13     | Lost mutation: Armour fits poorly on your large pseudopods.
                  | [Jiyva's grace]
 25283 | D:13     | Lost mutation: Your melee attacks may engulf your foes in
                  | ooze. [Jiyva's grace]
 25283 | D:13     | Gained mutation: You have acidic saliva. [Jiyva's grace]
 25283 | D:13     | Gained mutation: Your body has grown eyes which may confuse
                  | attackers. (Acc +3) [Jiyva's grace]
 25283 | D:13     | Gained mutation: Your body has grown many eyes which may
                  | confuse attackers. (Acc +5) [Jiyva's grace]
 25283 | D:13     | Gained mutation: Your body is covered in eyes which may
                  | confuse attackers. (Acc +7, SInv) [Jiyva's grace]
 25470 | D:13     | Reached XP level 14. HP: 66/66 MP: 25/25
 25509 | D:13     | Found a gate to the Vaults.
 25999 | D:13     | Found a runed translucent gate.
 25999 | D:13     | Identified the +1 plate armour of Arucsope {Dex+2}
 25999 | D:13     | Noticed NoWhammies's ghost (journeyman DrSh)
 26000 | D:13     | Found a runed translucent gate.
 26001 | D:13     | Found a runed translucent gate.
 26011 | D:13     | Identified the +0 plate armour of the World {rF+++ Dex-3
                  | SInv}
 26193 | D:13     | Killed NoWhammies's ghost
 26473 | D:14     | Reached skill level 5 in Unarmed Combat
 26691 | D:14     | Found a portal to a secret trove of treasure.
 26846 | D:15     | Entered Level 15 of the Dungeon
 26847 | D:15     | Lost mutation: You have acidic saliva. [Jiyva's grace]
 26847 | D:15     | Lost mutation: You expend magic power (3 MP) to strengthen
                  | your wands. [Jiyva's grace]
 26847 | D:15     | Gained mutation: You possess an exceptional clarity of
                  | mind. [Jiyva's grace]
 26847 | D:15     | Gained mutation: You passively dampen the noise of your
                  | surroundings. [Jiyva's grace]
 26847 | D:15     | Gained mutation: Your melee attacks may engulf your foes in
                  | ooze. [Jiyva's grace]
 26847 | D:15     | Gained mutation: Your skin changes colour to match your
                  | surroundings (Stealth+). [Jiyva's grace]
 26887 | D:15     | Reached skill level 15 in Dodging
 26997 | D:15     | Noticed Louise
 27010 | D:15     | Killed Louise
 27166 | D:15     | Noticed a fire giant
 27179 | D:15     | Killed a fire giant
 27214 | D:15     | Found a staircase to the Depths.
 27239 | D:15     | Noticed Nessos
 27257 | D:15     | Killed Nessos
 27287 | D:15     | Noticed Jorgrun
 27308 | D:15     | Killed Jorgrun
 27934 | Orc:1    | Entered Level 1 of the Orcish Mines
 28400 | Orc:1    | Reached XP level 15. HP: 70/70 MP: 26/26
 28793 | Orc:2    | Entered Level 2 of the Orcish Mines
 29112 | Orc:2    | Found Raph's Jewellery Emporium.
 29207 | Orc:2    | Found Jocsirov's Armour Emporium.
 29279 | Orc:2    | Found a staircase to the Elven Halls.
 29428 | Orc:2    | Noticed Saint Roka
 29484 | Orc:2    | Killed Saint Roka
 29485 | Orc:2    | Reached skill level 16 in Dodging
 29489 | Orc:2    | Found Unokh's Antique Armour Emporium.
 29490 | Orc:2    | Found Kaebb's Antique Weapon Shoppe.
 29538 | Orc:2    | Lost mutation: You are mostly covered in iridescent scales.
                  | (AC +4) [Jiyva's grace]
 29538 | Orc:2    | Lost mutation: You are partially covered in iridescent
                  | scales. (AC +2) [Jiyva's grace]
 29538 | Orc:2    | Lost mutation: You possess an exceptional clarity of mind.
                  | [Jiyva's grace]
 29538 | Orc:2    | Gained mutation: You have a small jelly attached to you
                  | that senses nearby items. [Jiyva's grace]
 29538 | Orc:2    | Gained mutation: You have a somewhat thin skeletal
                  | structure. (Dex +2, Stealth+) [Jiyva's grace]
 29538 | Orc:2    | Gained mutation: You have a moderately thin skeletal
                  | structure. (Dex +4, Stealth++) [Jiyva's grace]
 29538 | Orc:2    | Gained mutation: You have an unnaturally thin skeletal
                  | structure. (Dex +6, Stealth+++) [Jiyva's grace]
 29997 | Spider:1 | Entered Level 1 of the Spider Nest
 29997 | Spider:1 | Noticed an emperor scorpion
 30070 | Lair:3   | Killed an emperor scorpion
 30308 | Slime:1  | Entered Level 1 of the Pits of Slime
 30315 | Slime:2  | Noticed Dissolution
 30360 | Slime:3  | Noticed a rockslime
 30367 | Slime:3  | Noticed an acid blob
 30391 | Slime:3  | Noticed an acid blob
 30402 | Slime:5  | Entered Level 5 of the Pits of Slime
 30402 | Slime:5  | Noticed a rockslime
 30438 | Slime:5  | Noticed an acid blob
 30499 | Slime:5  | Found a viscous altar of Jiyva.
 30500 | Slime:5  | Found the +18 shield of the Gong {Loud rN+ Will+ rCorr
                  | EV-5}
 30515 | Slime:5  | Noticed an acid blob
 30549 | Slime:5  | Noticed the Royal Jelly
 30553 | Slime:5  | Noticed an acid blob
 30554 | Slime:5  | Found the +7 sceptre of Torment {pain, torment}
 30561 | Slime:5  | Noticed an acid blob
 30566 | Slime:5  | Noticed an azure jelly
 30592 | Slime:5  | Noticed a rockslime
 30597 | Slime:5  | Noticed an azure jelly
 30659 | Slime:5  | Identified the amulet "Moessie" {Reflect Int+6 SH+5}
 30690 | Slime:5  | Got a slimy rune of Zot
 30746 | Slime:5  | Noticed an acid blob
 31070 | Slime:5  | Noticed an acid blob
 31503 | Slime:4  | Noticed an azure jelly
 31529 | Slime:4  | Noticed a rockslime
 31930 | Slime:2  | Noticed an acid blob
 32198 | Slime:1  | Noticed an acid blob
 32231 | Slime:1  | Noticed an acid blob
 32597 | Spider:1 | Acquired 794 gold pieces
 33943 | Spider:3 | Lost mutation: You have a pair of small antennae on your
                  | head. [Jiyva's grace]
 33943 | Spider:3 | Lost mutation: You have an unnaturally thin skeletal
                  | structure. (Dex +6, Stealth+++) [Jiyva's grace]
 33943 | Spider:3 | Lost mutation: Your skin changes colour to match your
                  | surroundings (Stealth+). [Jiyva's grace]
 33943 | Spider:3 | Lost mutation: Your muscles are very strong. (Str +8,
                  | Int/Dex -2) [Jiyva's grace]
 33943 | Spider:3 | Lost mutation: Your melee attacks may engulf your foes in
                  | ooze. [Jiyva's grace]
 33943 | Spider:3 | Gained mutation: You have a pair of small antennae on your
                  | head. [Jiyva's grace]
 33943 | Spider:3 | Gained mutation: You have a pair of antennae on your head.
                  | [Jiyva's grace]
 33943 | Spider:3 | Gained mutation: You have a pair of large antennae on your
                  | head. (SInv) [Jiyva's grace]
 33943 | Spider:3 | Gained mutation: Armour fits poorly on your large
                  | pseudopods. [Jiyva's grace]
 34006 | Spider:3 | Reached skill level 10 in Unarmed Combat
 34150 | Spider:3 | Reached XP level 16. HP: 76/76 MP: 27/27
 34375 | Spider:3 | Reached skill level 17 in Dodging
 35024 | Spider:4 | Entered Level 4 of the Spider Nest
 35494 | Spider:4 | Reached skill level 18 in Dodging
 35568 | Spider:4 | Got a gossamer rune of Zot
 35758 | Spider:4 | Lost mutation: You have a moderately thin skeletal
                  | structure. (Dex +4, Stealth++) [Jiyva's grace]
 35758 | Spider:4 | Lost mutation: Your body is covered in eyes which may
                  | confuse attackers. (Acc +7, SInv) [Jiyva's grace]
 35758 | Spider:4 | Gained mutation: Your flesh is cold resistant. (rC+)
                  | [Jiyva's grace]
 35758 | Spider:4 | Gained mutation: Your flesh is very cold resistant. (rC++)
                  | [Jiyva's grace]
 35758 | Spider:4 | Gained mutation: Your flesh is almost immune to the effects
                  | of cold. (rC+++) [Jiyva's grace]
 35758 | Spider:4 | Gained mutation: Your mind is acute. (Int +4, Str/Dex -1)
                  | [Jiyva's grace]
 36148 | Shoals:1 | Entered Level 1 of the Shoals
 36325 | Shoals:1 | Found Makhoc's Vocational Training.
 37065 | Shoals:2 | Reached skill level 1 in Shapeshifting
 37375 | Shoals:2 | Identified the +0 pair of boots of Awnoho Sue {Str+4}
 37713 | Shoals:2 | Reached skill level 5 in Shapeshifting
 37713 | Shoals:2 | Reached XP level 17. HP: 81/81 MP: 26/28
 37797 | Shoals:2 | Identified the +0 ring mail of Ilikom Ible {*Corrode rPois
                  | Stlth+}
 38048 | Shoals:3 | Lost mutation: You have a pair of large antennae on your
                  | head. (SInv) [Jiyva's grace]
 38048 | Shoals:3 | Lost mutation: You have a somewhat thin skeletal structure.
                  | (Dex +2, Stealth+) [Jiyva's grace]
 38048 | Shoals:3 | Lost mutation: Armour fits poorly on your large pseudopods.
                  | [Jiyva's grace]
 38048 | Shoals:3 | Gained mutation: You are partially covered in iridescent
                  | scales. (AC +2) [Jiyva's grace]
 38048 | Shoals:3 | Gained mutation: You are mostly covered in iridescent
                  | scales. (AC +4) [Jiyva's grace]
 38048 | Shoals:3 | Gained mutation: You are completely covered in iridescent
                  | scales. (AC +6) [Jiyva's grace]
 38048 | Shoals:3 | Gained mutation: Your melee attacks may engulf your foes in
                  | ooze. [Jiyva's grace]
 38201 | Shoals:3 | Noticed Donald
 38209 | Shoals:3 | Killed Donald
 38682 | Shoals:4 | Entered Level 4 of the Shoals
 38994 | Shoals:4 | Reached skill level 10 in Shapeshifting
 39133 | Shoals:4 | Got a barnacled rune of Zot
 39342 | Shoals:4 | Identified the +7 lajatang of Rolepuna {drain, rF+ Str+3}
 39345 | Shoals:4 | Identified the +10 sling "Ohaire Jysh" {flame, Str+6 Int+2
                  | Dex-2}
 39414 | Shoals:4 | Got the Almanac of Correspondence and Nausea
 39541 | Shoals:4 | Identified the amulet of Cyreix {Spirit rPois rC+ Stlth+}
 39774 | Shoals:4 | Identified the ring of Qeetuuru {EV+5 Int+4 Dex+2}
 40142 | Vaults:1 | Entered Level 1 of the Vaults
 40480 | Vaults:1 | Noticed Asterion
 40526 | Vaults:1 | Killed Asterion
 40626 | Vaults:1 | Reached XP level 18. HP: 85/85 MP: 8/29
 40708 | Vaults:1 | Found Ymateuje's Armour Shoppe.
 40728 | Vaults:1 | Lost mutation: You are completely covered in iridescent
                  | scales. (AC +6) [Jiyva's grace]
 40728 | Vaults:1 | Gained mutation: You are agile. (Dex +4, Str/Int -1)
                  | [Jiyva's grace]
 40728 | Vaults:1 | Gained mutation: You are very agile. (Dex +8, Str/Int -2)
                  | [Jiyva's grace]
 40728 | Vaults:1 | Gained mutation: Armour fits poorly on your large
                  | pseudopods. [Jiyva's grace]
 40728 | Vaults:1 | Gained mutation: Armour fits poorly on your massive
                  | pseudopods. [Jiyva's grace]
 41035 | Vaults:1 | Reached skill level 19 in Dodging
 41719 | Vaults:2 | Noticed Jory
 41740 | Vaults:2 | Killed Jory
 41742 | Vaults:2 | Found a flickering gateway to a bazaar.
 41751 | Bazaar   | Entered a bazaar
 41765 | Bazaar   | Found Piaryumy's Distillery.
 41769 | Bazaar   | Bought 2 potions of heal wounds for 90 gold pieces
 41769 | Bazaar   | Bought a potion of curing for 27 gold pieces
 41769 | Bazaar   | Bought a potion of haste for 90 gold pieces
 41809 | Bazaar   | Found Aneth's Distillery.
 41813 | Bazaar   | Bought a potion of curing for 30 gold pieces
 41813 | Bazaar   | Bought a potion of heal wounds for 50 gold pieces
 41813 | Bazaar   | Bought a potion of curing for 30 gold pieces
 41813 | Bazaar   | Bought a potion of heal wounds for 50 gold pieces
 41813 | Bazaar   | Bought a potion of resistance for 100 gold pieces
 41843 | Bazaar   | Found Dicio's Magic Scroll Shoppe.
 41875 | Bazaar   | Found Folon's Magic Scroll Shoppe.
 41890 | Bazaar   | Bought a scroll of fog for 48 gold pieces
 41890 | Bazaar   | Bought a scroll of revelation for 90 gold pieces
 41910 | Bazaar   | Bought a scroll of teleportation for 30 gold pieces
 41910 | Bazaar   | Bought a scroll of teleportation for 30 gold pieces
 42437 | Vaults:2 | Lost mutation: You have a pair of antennae on your head.
                  | [Jiyva's grace]
 42437 | Vaults:2 | Lost mutation: You have a pair of small antennae on your
                  | head. [Jiyva's grace]
 42437 | Vaults:2 | Lost mutation: Armour fits poorly on your massive
                  | pseudopods. [Jiyva's grace]
 42437 | Vaults:2 | Lost mutation: Armour fits poorly on your large pseudopods.
                  | [Jiyva's grace]
 42437 | Vaults:2 | Gained mutation: You possess an exceptional clarity of
                  | mind. [Jiyva's grace]
 42437 | Vaults:2 | Gained mutation: Your body is covered in eyes which may
                  | confuse attackers. (Acc +7, SInv) [Jiyva's grace]
 42437 | Vaults:2 | Gained mutation: Your translucent skin slightly reduces
                  | your foes' accuracy. (Stealth+) [Jiyva's grace]
 42437 | Vaults:2 | Gained mutation: Your translucent skin reduces your foes'
                  | accuracy. (Stealth+) [Jiyva's grace]
 42552 | Vaults:2 | Noticed a bone dragon
 42554 | Vaults:2 | Found a staircase to the Crypt.
 42581 | Vaults:2 | Killed a bone dragon
 43882 | Vaults:3 | Reached XP level 19. HP: 92/92 MP: 5/30
 43893 | Vaults:3 | Reached skill level 15 in Fighting
 44763 | Vaults:4 | Found a crumbling gateway.
 44785 | Desolati | Entered the Desolation of Salt
 44787 | Desolati | Lost mutation: You are very agile. (Dex +8, Str/Int -2)
                  | [Jiyva's grace]
 44787 | Desolati | Lost mutation: Your body is covered in eyes which may
                  | confuse attackers. (Acc +7, SInv) [Jiyva's grace]
 44787 | Desolati | Lost mutation: Your translucent skin reduces your foes'
                  | accuracy. (Stealth+) [Jiyva's grace]
 44787 | Desolati | Gained mutation: Your rubbery body absorbs attacks. (AC +1,
                  | EV +1) [Jiyva's grace]
 44787 | Desolati | Gained mutation: Your pliable body absorbs attacks. (AC +2,
                  | EV +2) [Jiyva's grace]
 44787 | Desolati | Gained mutation: Your gelatinous body deflects attacks. (AC
                  | +3, EV +3) [Jiyva's grace]
 44787 | Desolati | Gained mutation: Your body is covered in eyes which may
                  | confuse attackers. (Acc +7, SInv) [Jiyva's grace]
 44826 | Desolati | Reached skill level 20 in Dodging
 44857 | Desolati | Reached skill level 15 in Unarmed Combat
 44909 | Desolati | Reached skill level 15 in Stealth
 45000 | Desolati | Got the Almanac of the Coward
 45027 | Desolati | Got the Folio of Morbid Generation
 45066 | Desolati | Found the +8 frozen axe "Frostbite" {freeze, freezing
                  | cloud, *Noise Fly rC+}
 45348 | Desolati | Identified the +2 chain mail "Reax" {Dex+4}
 45477 | Desolati | Identified the staff of Okawaru's Approval {rPois rF+ Will+
                  | Dex+2 Poison}
 45485 | Desolati | Identified the amulet "Ystiraog" {RegenMP Rampage *Corrode
                  | Will++ Slay+5}
 45490 | Desolati | Got the Quarto of Sepulchral Geology
 45832 | Vaults:4 | Noticed Bai Suzhen
 46133 | Vaults:4 | Killed Bai Suzhen
 46206 | Vaults:4 | Lost mutation: You are mostly covered in iridescent scales.
                  | (AC +4) [Jiyva's grace]
 46206 | Vaults:4 | Lost mutation: You are agile. (Dex +4, Str/Int -1) [Jiyva's
                  | grace]
 46206 | Vaults:4 | Lost mutation: Your flesh is almost immune to the effects
                  | of cold. (rC+++) [Jiyva's grace]
 46206 | Vaults:4 | Lost mutation: Your body is covered in eyes which may
                  | confuse attackers. (Acc +7, SInv) [Jiyva's grace]
 46206 | Vaults:4 | Lost mutation: Armour fits poorly on your pseudopods.
                  | [Jiyva's grace]
 46206 | Vaults:4 | Gained mutation: You are mostly covered in iridescent
                  | scales. (AC +4) [Jiyva's grace]
 46206 | Vaults:4 | Gained mutation: You are completely covered in iridescent
                  | scales. (AC +6) [Jiyva's grace]
 46206 | Vaults:4 | Gained mutation: You have a pair of small horns on your
                  | head. [Jiyva's grace]
 46206 | Vaults:4 | Gained mutation: You have a pair of horns on your head.
                  | [Jiyva's grace]
 46265 | Vaults:4 | Noticed Frederick
 46408 | Vaults:4 | Reached XP level 20. HP: 99/99 MP: 27/31
 46410 | Vaults:4 | Noticed Margery
 46431 | Vaults:4 | Killed from afar by Margery
 46432 | Vaults:4 | Reached XP level 19. HP: -7/95 MP: 9/39
 46818 | Vaults:4 | Killed Frederick
 46937 | Vaults:4 | Killed Margery
 47315 | Elf:1    | Entered Level 1 of the Elven Halls
 47995 | Elf:1    | Learned a level 3 spell: Vhi's Electric Charge
 48070 | Elf:1    | Found Uteroz's Book Shoppe.
 48070 | Elf:1    | Found Fenusoyh's Jewellery Shop.
 48071 | Elf:1    | Found Hegodgh's Book Shoppe.
 48081 | Elf:1    | Bought a book of the Dragon for 588 gold pieces
 48091 | Elf:1    | Learned a level 9 spell: Dragon's Call
 48281 | Elf:2    | Reached skill level 21 in Dodging
 48628 | Elf:2    | Reached skill level 5 in Air Magic
 48738 | Elf:2    | Found a runed translucent door.
 48838 | Elf:2    | Found a runed translucent gate.
 48839 | Elf:2    | Found a runed translucent gate.
 48841 | Elf:2    | Found a runed translucent gate.
 49356 | Elf:2    | Lost mutation: You have a pair of horns on your head.
                  | [Jiyva's grace]
 49356 | Elf:2    | Gained mutation: Your mind is very acute. (Int +8, Str/Dex
                  | -2) [Jiyva's grace]
 49356 | Elf:2    | Gained mutation: You have acidic saliva. [Jiyva's grace]
 49356 | Elf:2    | Gained mutation: You have a small jelly attached to you
                  | that may absorb projectiles. [Jiyva's grace]
 49356 | Elf:2    | Gained mutation: Your flesh is almost immune to the effects
                  | of cold. (rC+++) [Jiyva's grace]
 49600 | Elf:3    | Entered Level 3 of the Elven Halls
 49647 | Elf:3    | Found Ohiphips's General Store.
 49715 | Elf:3    | Found Veqick's Book Emporium.
 49724 | Elf:3    | Bought a book of the Wilderness for 570 gold pieces
 49733 | Elf:3    | Learned a level 5 spell: Summon Mana Viper
 49767 | Elf:3    | Found Omuacka's Antique Weapon Emporium.
 49924 | Elf:3    | Found Paeshroc's Armour Emporium.
 50011 | Elf:3    | Found an ancient bone altar of Kikubaaqudgha.
 50395 | Elf:3    | Reached XP level 20. HP: 100/100 MP: 17/32
 50582 | Elf:3    | Identified the +4 quarterstaff of Conflict {drain, Int+6
                  | Stlth-}
 50585 | Elf:3    | Identified the +1 ring mail of Agoraphobia {rElec rC+ rN+
                  | rCorr}
 50615 | Elf:3    | Identified the +5 great sword "Tehequ" {flame, rPois}
 50716 | Elf:3    | Identified the +9 great sword "Deuzejugy" {drain, +Blink
                  | rElec rCorr Str-4 Stlth+}
 50741 | Elf:3    | Gained mutation: You are clumsy. (Dex -2) [mutagenic glow]
 51100 | Elf:3    | Reached skill level 22 in Dodging
 51112 | Elf:3    | Identified the ring of Descent {rC++ AC+4}
 51392 | Elf:3    | Got the Opusculum on Cold Relocation
 51397 | Elf:3    | Got the Lectures on the Galvanic Syncline
 51420 | Elf:3    | Got Sif Muna's Papyrus of the Friendly Wendigo
 51579 | Elf:1    | Bought a storm talisman for 1364 gold pieces
 51837 | Depths:1 | Entered Level 1 of the Depths
 51856 | Depths:1 | Found a glowing golden altar of the Shining One.
 51941 | Depths:1 | Learned a level 6 spell: Summon Cactus Giant
 51947 | Depths:1 | Learned a level 5 spell: Summon Forest
 52048 | Depths:1 | Found a gateway to Hell.
 52169 | Depths:1 | Lost mutation: You are completely covered in iridescent
                  | scales. (AC +6) [Jiyva's grace]
 52169 | Depths:1 | Lost mutation: You are mostly covered in iridescent scales.
                  | (AC +4) [Jiyva's grace]
 52169 | Depths:1 | Lost mutation: You are partially covered in iridescent
                  | scales. (AC +2) [Jiyva's grace]
 52169 | Depths:1 | Lost mutation: Your mind is very acute. (Int +8, Str/Dex
                  | -2) [Jiyva's grace]
 52169 | Depths:1 | Lost mutation: You are clumsy. (Dex -2) [Jiyva's grace]
 52169 | Depths:1 | Lost mutation: Your flesh is almost immune to the effects
                  | of cold. (rC+++) [Jiyva's grace]
 52169 | Depths:1 | Lost mutation: You have acidic saliva. [Jiyva's grace]
 52169 | Depths:1 | Lost mutation: Your body has grown many eyes which may
                  | confuse attackers. (Acc +5) [Jiyva's grace]
 52169 | Depths:1 | Lost mutation: Your body has grown eyes which may confuse
                  | attackers. (Acc +3) [Jiyva's grace]
 52169 | Depths:1 | Lost mutation: You have a small jelly attached to you that
                  | senses nearby items. [Jiyva's grace]
 52169 | Depths:1 | Lost mutation: You have a small jelly attached to you that
                  | may absorb projectiles. [Jiyva's grace]
 52169 | Depths:1 | Lost mutation: Your melee attacks may engulf your foes in
                  | ooze. [Jiyva's grace]
 52169 | Depths:1 | Gained mutation: You have hidden genetic potential.
                  | [Jiyva's grace]
 52169 | Depths:1 | Gained mutation: You have great hidden genetic potential.
                  | [Jiyva's grace]
 52169 | Depths:1 | Gained mutation: Your melee attacks may engulf your foes in
                  | ooze. [Jiyva's grace]
 52169 | Depths:1 | Gained mutation: You have acidic saliva. [Jiyva's grace]
 52460 | Depths:1 | Found a sacrificial altar of Ru.
 52639 | Depths:1 | Found a gateway to a bazaar.
 52801 | Bazaar   | Entered a bazaar
 52805 | Bazaar   | Found Raupp's Assorted Antiques.
 52827 | Bazaar   | Found Axelueci's Book Emporium.
 52848 | Bazaar   | Found Xesuil's General Store.
 52853 | Bazaar   | Bought a scroll of blinking for 52 gold pieces
 52853 | Bazaar   | Bought a potion of cancellation for 56 gold pieces
 52868 | Bazaar   | Found Zexke's Magic Scroll Shoppe.
 52895 | Bazaar   | Bought a scroll of acquirement for 572 gold pieces
 52895 | Bazaar   | Acquired 607 gold pieces
 53057 | Depths:2 | Found a blossoming altar of Fedhas.
 53180 | Depths:2 | Found a one-way gate leading to the halls of Pandemonium.
 53262 | Depths:2 | Found a one-way gate to the infinite horrors of the Abyss.
 54418 | Depths:3 | Lost mutation: Your flesh is very cold resistant. (rC++)
                  | [Jiyva's grace]
 54418 | Depths:3 | Lost mutation: Your gelatinous body deflects attacks. (AC
                  | +3, EV +3) [Jiyva's grace]
 54418 | Depths:3 | Lost mutation: You passively dampen the noise of your
                  | surroundings. [Jiyva's grace]
 54418 | Depths:3 | Gained mutation: You expend magic power (3 MP) to
                  | strengthen your wands. [Jiyva's grace]
 54418 | Depths:3 | Gained mutation: Your spells are a little harder to cast,
                  | but a little more powerful. [Jiyva's grace]
 54418 | Depths:3 | Gained mutation: Your spells are harder to cast, but more
                  | powerful. [Jiyva's grace]
 54418 | Depths:3 | Gained mutation: Your spells are much harder to cast, but
                  | much more powerful. [Jiyva's grace]
 54565 | Depths:3 | Noticed a golden dragon
 54581 | Depths:3 | Reached XP level 21. HP: 104/104 MP: 21/34
 54606 | Depths:3 | Killed a golden dragon
 54670 | Depths:3 | Noticed a caustic shrike
 54676 | Depths:3 | Killed a caustic shrike
 55259 | Depths:3 | Noticed a golden dragon
 55264 | Depths:3 | Killed a golden dragon
 55597 | Depths:3 | Found a corrupted altar of Lugonu.
 55606 | Depths:3 | Reached skill level 15 in Shapeshifting
 55796 | Depths:4 | Entered Level 4 of the Depths
 55930 | Depths:4 | Identified the +2 falchion "Udweruzo" {freeze, rPois rN+++
                  | Will- Int-2}
 56308 | Depths:4 | Found a one-way gateway to a ziggurat.
 56586 | Depths:4 | Noticed a golden dragon
 56594 | Depths:4 | Killed a golden dragon
 56785 | Depths:4 | Found a gate to the Realm of Zot.
 56785 | Depths:4 | Noticed a golden dragon
 56809 | Depths:4 | Killed a golden dragon
 57169 | Zig:1    | Entered Level 1 of a ziggurat
 57212 | Zig:2    | Entered Level 2 of a ziggurat
 57235 | Zig:3    | Entered Level 3 of a ziggurat
 57294 | Zig:4    | Entered Level 4 of a ziggurat
 57359 | Zig:4    | Identified the +0 scale mail of Evolution {rC+ Int+2}
 57364 | Zig:5    | Entered Level 5 of a ziggurat
 57367 | Zig:5    | Noticed a dread lich
 57378 | Zig:5    | Killed a dread lich
 57399 | Zig:5    | Got the Precepts of Snow and Bruises
 57697 | Vaults:5 | Entered Level 5 of the Vaults
 57703 | Vaults:5 | Noticed a golden dragon
 57706 | Vaults:5 | Killed a golden dragon
 57707 | Vaults:5 | Reached XP level 22. HP: 70/108 MP: 30/35
 57768 | Vaults:5 | Identified the ring of Ruxewk {Fly rPois rCorr Int-2 Dex+6}
 57789 | Vaults:5 | Noticed an ancient lich
 57803 | Vaults:5 | Killed an ancient lich
 57958 | Vaults:5 | Noticed a dread lich
 57973 | Vaults:5 | Paralysed by a dread lich for 3 turns
 57982 | Vaults:5 | Killed a dread lich
 58041 | Vaults:5 | Identified the +5 chain mail "Zididezu" {+Blink Str+4}
 58295 | Vaults:5 | Gained mutation: Your flesh is heat resistant. (rF+)
                  | [hidden potential]
 58436 | Vaults:5 | Noticed a golden dragon
 58453 | Vaults:5 | Killed a golden dragon
 58592 | Vaults:5 | Identified the +7 glaive "Fyoxaiw" {heavy, Str+3}
 58592 | Vaults:5 | Identified the ring of the Forgotten Places {rElec rF+
                  | rCorr}
 58624 | Vaults:5 | Identified the +5 sling of the Dragonfly {flame, rPois}
 58634 | Vaults:5 | Identified the +4 orcbow of the Teaching Messenger
                  | {antimagic, rCorr}
 58952 | Vaults:5 | Lost mutation: Your flesh is cold resistant. (rC+) [Jiyva's
                  | grace]
 58952 | Vaults:5 | Lost mutation: Your flesh is heat resistant. (rF+) [Jiyva's
                  | grace]
 58952 | Vaults:5 | Lost mutation: Your spells are much harder to cast, but
                  | much more powerful. [Jiyva's grace]
 58952 | Vaults:5 | Lost mutation: Your spells are harder to cast, but more
                  | powerful. [Jiyva's grace]
 58952 | Vaults:5 | Lost mutation: Your translucent skin slightly reduces your
                  | foes' accuracy. (Stealth+) [Jiyva's grace]
 58952 | Vaults:5 | Lost mutation: You have great hidden genetic potential.
                  | [Jiyva's grace]
 58952 | Vaults:5 | Lost mutation: You expend magic power (3 MP) to strengthen
                  | your wands. [Jiyva's grace]
 58952 | Vaults:5 | Gained mutation: Your spells are harder to cast, but more
                  | powerful. [Jiyva's grace]
 58952 | Vaults:5 | Gained mutation: Your spells are much harder to cast, but
                  | much more powerful. [Jiyva's grace]
 58952 | Vaults:5 | Gained mutation: You are robust. (+10% HP) [Jiyva's grace]
 58952 | Vaults:5 | Gained mutation: You are very robust. (+20% HP) [Jiyva's
                  | grace]
 58979 | Vaults:5 | Noticed a golden dragon
 58985 | Vaults:5 | Identified the +3 flail of Day {vamp, +Blink Will+}
 58988 | Vaults:5 | Killed a golden dragon
 59160 | Vaults:5 | Identified the staff of Hurting Sudden Death {rElec Str-3
                  | Int+2 Dex+4 SInv Air}
 59270 | Vaults:5 | Reached XP level 23. HP: 129/134 MP: 35/36
 59349 | Vaults:5 | Identified the ring of the Devil's Team {Int+4 SInv}
 59369 | Vaults:5 | Got a silver rune of Zot
 59398 | Vaults:5 | Identified the ring "Yshu" {Fire Int+3}
 59986 | Vaults:5 | Got the Elucidation of Coordinates
 60432 | Zot:1    | Entered Level 1 of the Realm of Zot
 60849 | Zot:1    | Gained mutation: You are agile. (Dex +4, Str/Int -1)
                  | [hidden potential]
 60849 | Zot:1    | Lost mutation: You have hidden genetic potential. [hidden
                  | potential expressed]
 61339 | Zot:1    | Identified the +0 short sword "Bonkisk" {protect, rElec rC-
                  | Str+4 Dex+4}
 61432 | Zot:1    | Got the Parchment of Power
 61844 | Zot:2    | Lost mutation: You possess an exceptional clarity of mind.
                  | [Jiyva's grace]
 61844 | Zot:2    | Lost mutation: You are very robust. (+20% HP) [Jiyva's
                  | grace]
 61844 | Zot:2    | Lost mutation: You are robust. (+10% HP) [Jiyva's grace]
 61844 | Zot:2    | Lost mutation: Your spells are much harder to cast, but
                  | much more powerful. [Jiyva's grace]
 61844 | Zot:2    | Gained mutation: You are covered in slimy tendrils that may
                  | disarm your opponents. [Jiyva's grace]
 61844 | Zot:2    | Gained mutation: You are partially covered in large bone
                  | plates. (SH +4) [Jiyva's grace]
 61844 | Zot:2    | Gained mutation: You are mostly covered in large bone
                  | plates. (SH +6) [Jiyva's grace]
 61844 | Zot:2    | Gained mutation: You are completely covered in large bone
                  | plates. (SH +8) [Jiyva's grace]
 62022 | Zot:2    | Noticed a dread lich
 62035 | Zot:2    | Killed a dread lich
 62059 | Zot:2    | Noticed a dread lich
 62070 | Zot:2    | Killed a dread lich
 62071 | Zot:2    | Reached skill level 23 in Dodging
 62080 | Zot:2    | Reached XP level 24. HP: 77/118 MP: 36/36
 62141 | Zot:3    | Found the +4 dragonskin cloak
 62141 | Zot:3    | Noticed Tiamat
 62213 | Zot:3    | Noticed Parghit
 62219 | Zot:3    | Killed Parghit
 62407 | Zot:3    | You are sucked into a shaft and drop 1 floor!
 62472 | Zot:4    | Noticed a Killer Klown
 62481 | Zot:4    | Acquired 851 gold pieces
 62539 | Zot:4    | Killed a Killer Klown
 63255 | Zot:4    | Noticed an orb of fire
 63262 | Zot:4    | Killed an orb of fire
 63709 | Zot:3    | Killed Tiamat
 63804 | Zot:3    | Lost mutation: Your muscles are strong. (Str +4, Int/Dex
                  | -1) [Jiyva's grace]
 63804 | Zot:3    | Lost mutation: Your spells are harder to cast, but more
                  | powerful. [Jiyva's grace]
 63804 | Zot:3    | Gained mutation: Your spells are harder to cast, but more
                  | powerful. [Jiyva's grace]
 63804 | Zot:3    | Gained mutation: Your spells are much harder to cast, but
                  | much more powerful. [Jiyva's grace]
 63804 | Zot:3    | Gained mutation: Your mind is very acute. (Int +8, Str/Dex
                  | -2) [Jiyva's grace]
 63804 | Zot:3    | Gained mutation: Your body has grown eyes which may confuse
                  | attackers. (Acc +3) [Jiyva's grace]
 63805 | Zot:3    | Lost mutation: You have acidic saliva. [potion of mutation]
 63805 | Zot:3    | Lost mutation: Your melee attacks may engulf your foes in
                  | ooze. [potion of mutation]
 63805 | Zot:3    | Gained mutation: You are occasionally teleported next to
                  | monsters. [potion of mutation]
 63805 | Zot:3    | Gained mutation: You possess an exceptional clarity of
                  | mind. [potion of mutation]
 63806 | Zot:3    | Lost mutation: You are covered in slimy tendrils that may
                  | disarm your opponents. [potion of mutation]
 63806 | Zot:3    | Lost mutation: Your pliable body absorbs attacks. (AC +2,
                  | EV +2) [potion of mutation]
 63806 | Zot:3    | Lost mutation: You are completely covered in large bone
                  | plates. (SH +8) [potion of mutation]
 63806 | Zot:3    | Gained mutation: You are robust. (+10% HP) [potion of
                  | mutation]
 63806 | Zot:3    | Gained mutation: Your skin changes colour to match your
                  | surroundings (Stealth+). [potion of mutation]
 63807 | Zot:3    | Lost mutation: You are robust. (+10% HP) [potion of
                  | mutation]
 63807 | Zot:3    | Lost mutation: You are mostly covered in large bone plates.
                  | (SH +6) [potion of mutation]
 63807 | Zot:3    | Lost mutation: You are occasionally teleported next to
                  | monsters. [potion of mutation]
 63808 | Zot:3    | Lost mutation: You are agile. (Dex +4, Str/Int -1) [potion
                  | of mutation]
 63808 | Zot:3    | Lost mutation: You are partially covered in large bone
                  | plates. (SH +4) [potion of mutation]
 63808 | Zot:3    | Lost mutation: Your spells are much harder to cast, but
                  | much more powerful. [potion of mutation]
 63809 | Zot:3    | Lost mutation: Your mind is very acute. (Int +8, Str/Dex
                  | -2) [potion of mutation]
 63809 | Zot:3    | Lost mutation: Your body has grown eyes which may confuse
                  | attackers. (Acc +3) [potion of mutation]
 63809 | Zot:3    | Lost mutation: Your mind is acute. (Int +4, Str/Dex -1)
                  | [potion of mutation]
 64410 | Zot:5    | Entered Level 5 of the Realm of Zot
 64526 | Zot:5    | Noticed a Killer Klown
 64550 | Zot:5    | Killed a Killer Klown
 64551 | Zot:5    | Reached XP level 25. HP: 124/124 MP: 36/36
 64720 | Zot:5    | Noticed an orb of fire
 64745 | Zot:5    | Gained mutation: You are clumsy. (Dex -2) [an orb of fire]
 64747 | Zot:5    | Killed an orb of fire
 64825 | Zot:5    | Noticed an ancient lich
 64844 | Zot:5    | Killed an ancient lich
 64867 | Zot:5    | Reached skill level 24 in Dodging
 64906 | Zot:5    | Noticed an orb of fire
 64906 | Zot:5    | Noticed an ancient lich
 64922 | Zot:5    | Noticed a dread lich
 64926 | Zot:5    | Killed an ancient lich
 64990 | Zot:5    | Noticed an orb of fire
 65007 | Zot:5    | Killed a dread lich
 65031 | Zot:5    | Killed an orb of fire
 65111 | Zot:5    | Noticed a Killer Klown
 65118 | Zot:5    | Noticed an orb of fire
 65255 | Zot:5    | Gained mutation: You do not regenerate when monsters are
                  | visible. [an orb of fire]
 65257 | Zot:5    | Killed an orb of fire
 65328 | Zot:5    | Killed a Killer Klown
 65406 | Zot:5    | Noticed an orb of fire
 65411 | Zot:5    | Gained mutation: You occasionally lose the ability to read
                  | scrolls when taking damage. [an orb of fire]
 65417 | Zot:5    | Gained mutation: You are dopey. (Int -2) [an orb of fire]
 65419 | Zot:5    | Lost mutation: You possess an exceptional clarity of mind.
                  | [an orb of fire]
 65424 | Zot:5    | Killed an orb of fire
 65464 | Zot:5    | Noticed a Killer Klown
 65489 | Zot:5    | Killed a Killer Klown
 65587 | Zot:5    | Killed an orb of fire
 65759 | Zot:5    | Got the Orb of Zot
 65980 | Depths:2 | Noticed a juggernaut
 66012 | Depths:2 | Noticed Erchiech the pandemonium lord
 66065 | Depths:1 | Noticed Epiess the pandemonium lord
 66073 | Depths:1 | Killed Epiess the pandemonium lord
 66461 | D:1      | Noticed a seraph
 66515 | D:$      | Escaped with the Orb!

Illustrated notes

Levels and vault maps discovered:
D:1:      sevenhm_arrival_forest_fort_small_3, layout_loops_ring
D:2:      layout_basic
D:3:      layout_basic, vehumet_altar_wand_db, ebering_ghost_disaster_area,
          minmay_misc_feat_tiny
D:4:      minmay_evil_eye, layout_basic, serial_co_window_serial,
          co_window_paths_a, co_window_paths_a, co_window_corner_a,
          co_window_of_opportunity_a, co_window_paths_b, co_window_paths_a,
          co_window_of_opportunity_a, co_window_cross_3,
          co_window_unsneaky_path_b, co_window_broadway_c, co_window_4corner_b,
          co_window_paths_e, glass_columns_a, grunt_tough_drop, uniq_duvessa
D:5:      layout_rooms, lemuel_crystal_altar, nicolae_qazlal_beasts_of_the_sky,
          serial_shops, shop_fountains, kennysheep_nub
D:6:      dreamdust_elfheim, layout_basic, gammafunk_ghost_arena
D:7:      layout_basic, nicolae_overflow_squiral, nemelex_dance_club_becter,
          temple_doors_e, nicolae_shop_gadgets
D:8:      nicolae_whirlpool, layout_layer_cave,
          minmay_guarded_unrand_staff_of_olgreb
D:9:      layout_stronghold, mainiacjoe_overflow_concentric_impassable,
          nicolae_wu_jian_wuxing_cycle, erik_orc_1, enter_bailey_2, uniq_joseph
D:10:     layout_grid_maze, kennysheep_ying_yang, gammafunk_ghost_ooze,
          nicolae_shop_clearance, uniq_erolcha
D:11:     minmay_spotlight, layout_irregular_city, lair_entry_dummy,
          serial_column_ruins, column_ruins_square_medium, column_ruins_hut,
          column_ruins_open_tiny, column_ruins_columns_corner,
          column_ruins_columns_straight, column_ruins_grid_1,
          column_ruins_open_tiny, kennysheep_decorative_pillar, uniq_harold,
          uniq_gastronok, uniq_sonja
D:12:     layout_grid_maze, uniq_rupert, uniq_fannar, uniq_kirke
D:13:     layout_basic, erik_vaults_1, biasface_ghost_orc_armoury
D:14:     layout_rooms, enter_trove_2
D:15:     grunt_enter_depths_giant_problem, layout_rooms, serial_rivers,
          chequers_serial_rivers_micro_c, chequers_serial_rivers_micro_b,
          chequers_serial_rivers_large_a, chequers_serial_rivers_micro_e,
          uniq_jorgrun, uniq_nessos, uniq_louise
Temple:   nicolae_temple_godzebo
Lair:1:   layout_regular_city
Lair:2:   layout_loops_ring, gammafunk_ghost_grave
Lair:3:   layout_small_grid, minmay_shoals_entry_lonely_mermaid,
          nicolae_spider_entry_orb_guardian
Lair:4:   layout_cave_pods
Lair:5:   cheibrodos_lair_end_hotspot, layout_regular_city, slime_entry_1,
          nicolae_lair_grove_arrangements
Shoals:1: layout_shoals, nicolae_shop_vocational
Shoals:2: layout_shoals, nicolae_shoals_this_corrosion
Shoals:3: layout_shoals, nicolae_shoals_so_close, uniq_donald
Shoals:4: shoals_end_grunt_garden, layout_shoals
Spider:1: layout_spider_delve
Spider:2: layout_spider_delve
Spider:3: layout_chambers, einodemon_crawler_minivault,
          nicolae_spider_cling_halls
Spider:4: hellmonk_spider_rune_bug_friends
Slime:1:  layout_caves
Slime:2:  cheibrodos_slime_lost_civilization_9, layout_caves, dissolution_awaits
Slime:3:  cheibrodos_slime_lost_civilization_8, layout_caves, uniq_dissolution
Slime:4:  layout_caves
Slime:5:  slime_pit_nicolae_block_by_block
Orc:1:    layout_caves, elves_outpost_lemuel
Orc:2:    grunt_orc_community_town_hall, layout_caves,
          grunt_orc_community_big_house_2, grunt_orc_community_big_house_1,
          grunt_orc_community_house_1, grunt_orc_community_house_2,
          grunt_orc_community_house_1, grunt_orc_community_house_3,
          grunt_orc_community_house_2
Elf:1:    minmay_elf_arrival_circle, layout_rooms, hangedman_elf_represent,
          minmay_shop_grove
Elf:2:    nicolae_elf_blades_splatter_lattice
          [nicolae_blade_entry_diamond_columns], layout_loops_ring, minivault_13
Elf:3:    elf_hall, layout_geoelf_castle, serial_shops, shop,
          nicolae_shop_hallway_stairs, shop, nicolae_shop_hallway_stairs,
          basic_altar, minivault_23, feat_on_display
Vaults:1: hangedman_vaults_variations, nicolae_vaults_network_quinsquares
          [nicolae_vaults_network_quincunx_subvault,
          nicolae_vaults_network_quincunx_subvault,
          nicolae_vaults_network_quincunx_subvault,
          nicolae_vaults_network_quincunx_subvault],
          nicolae_vaults_double_plus_2, nicolae_vaults_more_shelving_1,
          vaults_mumra_minichess_inversion, nicolae_vaults_little_squares_4,
          nicolae_vaults_tetromino_Z_1, nicolae_vaults_trapezoid_3,
          nicolae_vaults_tetromino_Z_1, layout_vaults_chaotic_city,
          serial_shops, nicolae_shop_rolling_square, uniq_asterion
Vaults:2: vaults_mumra_chevron_long, minmay_crypt_entry_nasty_monster,
          vaults_room_hallway, nicolae_vaults_diagonal_hallway_7, v_rooms_6,
          nicolae_vaults_ring_of_whatevers, nicolae_vaults_hallways_thing,
          nicolae_vaults_mini_display_case, nicolae_vaults_storage_closets_1,
          layout_vaults_omnigrid, serial_shops, bzr_entry_lakeside, uniq_jory
Vaults:3: vaults_room_boxed, nicolae_vaults_octothorpe, nicolae_vaults_cochlea,
          vaults_room_stairs_pillars, ontoclasm_vaults_spin,
          nicolae_vaults_border_crossing, v_pattern_2, v_alt_pattern_6,
          vaults_dpeg_encased_lava, nicolae_vaults_offset_grid_hallway_1,
          ontoclasm_vaults_claustrophobia, grunt_vaults_diagonal,
          nicolae_vaults_shelves_hall, ontoclasm_vaults_chip,
          nicolae_vaults_tetromino_T_2, layout_vaults_ring
Vaults:4: portal_desolation_entry_nicolae_nacl, nicolae_vaults_puzzle_piece,
          nicolae_vaults_trapezoid_4, nicolae_vaults_trapezoid_3,
          nicolae_vaults_lightning_bolt, nicolae_vaults_storage_closets_3,
          nicolae_vaults_closet_pinwheel_5, nicolae_vaults_spaceships,
          v_pattern_3, vaults_mumra_chevron, hangedman_vaults_cutoff, v_misc_23,
          nicolae_vaults_trapezoid_lopsided_4,
          nicolae_vaults_storage_room_doors, nicolae_vaults_tetromino_L_2,
          nicolae_vaults_little_ls, ontoclasm_vaults_idyll,
          layout_vaults_omnibox, uniq_bai_suzhen, uniq_frederick, uniq_margery
Vaults:5
Depths:1: layout_basic, nicolae_ru_path_of_blood, hell_entry, serial_shops,
          statue_bzr, minmay_misc_feat_nine_boxes, nicolae_tso_carved_into_rock
Depths:2: minmay_connected_triangles_in_corner, layout_basic,
          grunt_hell_entry_dis_grunt, fedhas_altar_3, pan_entry,
          hangedman_abyss_entry_splay, chequers_serial_rivers_micro_e,
          grunt_megastairs_1, infiniplex_staircase_star, serial_bayou_shore_a,
          serial_bayou_shore_b
Depths:3: minmay_the_grid_octo_tiled_octocenter [minmay_the_grid_octo_empty,
          minmay_the_grid_octo_checkerflower, minmay_the_grid_octo_odd_swirl,
          minmay_the_grid_octo_teeth, minmay_the_grid_octo_prize_single_spiral,
          minmay_the_grid_square_5x5_one_wall,
          minmay_the_grid_square_5x5_tri_point,
          minmay_the_grid_square_5x5_eight,
          minmay_the_grid_square_5x5_pentomino_r], layout_cave_shapes,
          hell_entry, serial_glass, glass_columns_b, glass_columns_a,
          infiniplex_staircase_squiggle, abyss_entry_flame_altar,
          minmay_hedge_maze, nicolae_elevator_lobby_plus
Depths:4: grunt_zot_entry_bicorn, layout_long_grid, enter_ziggurat_b,
          pf_coc_iceberg, hangedman_decor_peaks_small, serial_bayou_shore_b
Zot:1:    nicolae_moth_party, layout_misc_corridors, st_large_dragon_hoard_4
Zot:2:    hellmonk_paralyzer, layout_misc_corridors, nicolae_zot_crop_circle
Zot:3:    layout_concentric_octagons, grunt_megastairs_3, uniq_parghit,
          uniq_tiamat
Zot:4:    layout_concentric_octagons, hangedman_zot_decor_checkerboard
Zot:5:    layout_basic, kennysheep_underground_church

Skill      XL: |  1  2  3  4  5  6  7  8  9 10 11 12 13 14 15 16 17 18 19 20 21 22 23 24 25 |
---------------+----------------------------------------------------------------------------+-----
Summonings     | 5 6 7 10 12 14 17 18 19 20 | 20.2
Spellcasting   | 3 4 5 6 7 8 |  8.7
Hexes          | 2 4 6 7 |  7.0
Dodging        | 3 9 10 13 14 15 16 18 19 21 22 23 24 | 24.7
Stealth        | 3 9 10 11 12 14 16 | 16.3
Unarmed Combat | 1 4 8 10 11 12 14 16 18 19 20 | 20.9
Air Magic      | 4 6 |  6.0
Fighting       | 3 7 10 11 12 13 14 17 19 20 | 20.0
Shapeshifting  | 5 10 13 17 20 21 22 23 | 23.5

Action                     |  1- 3 |  4- 6 |  7- 9 | 10-12 | 13-15 | 16-18 | 19-21 | 22-24 | 25-27 || total
---------------------------+-------+-------+-------+-------+-------+-------+-------+-------+-------++-------
  Melee: Unarmed           |    24 |    12 |    22 |   160 |   423 |   466 |  1197 |  1101 |   357 ||  3762
         Bite              |     3 |     1 |     5 |    22 |    78 |   105 |   279 |    63 |       ||   556
         Punch             |       |       |       |     9 |    31 |    49 |   203 |   195 |    62 ||   549
         Pseudopods        |       |       |       |    19 |   126 |   166 |   117 |       |       ||   428
         Headbutt          |       |       |       |       |       |       |   302 |    86 |       ||   388
   Cast: Summon Small Mamm |    60 |    40 |    88 |   161 |   109 |    13 |     6 |       |       ||   477
         Call Imp          |    12 |    18 |    16 |    27 |    39 |    14 |     5 |       |       ||   131
         Call Canine Famil |     4 |    20 |    51 |   131 |   124 |    55 |    32 |     1 |       ||   418
         Summon Guardian G |       |       |    30 |   105 |    92 |    20 |    10 |       |       ||   257
         Summon Lightning  |       |       |    16 |   117 |   111 |    68 |    66 |     2 |       ||   380
         Summon Hydra      |       |       |       |       |   111 |   315 |   372 |    75 |       ||   873
         Summon Mana Viper |       |       |       |       |       |       |    54 |    16 |    10 ||    80
         Summon Forest     |       |       |       |       |       |       |    29 |    17 |     4 ||    50
         Summon Cactus Gia |       |       |       |       |       |       |    26 |    12 |       ||    38
         Vhi's Electric Ch |       |       |       |       |       |       |     4 |     2 |     1 ||     7
 Invoke: Oozemancy         |       |       |       |       |     1 |       |     2 |     1 |       ||     4
Ability: Blinkbolt         |       |       |       |       |       |       |       |     3 |     9 ||    12
  Evoke: Wand              |       |       |       |       |       |       |     1 |       |     1 ||     2
    Use: Scroll            |     6 |       |    15 |     7 |     2 |     3 |    11 |     6 |     2 ||    52
         Potion            |       |       |       |     1 |     5 |     4 |     2 |     6 |     5 ||    23
   Stab: Sleeping          |     3 |       |       |     1 |    19 |    31 |    53 |    14 |       ||   121
         Distracted        |       |     1 |       |     7 |    13 |    19 |    49 |    33 |     9 ||   131
         Confused          |       |       |       |     1 |    29 |    24 |    19 |       |       ||    73
         Paralysed         |       |       |       |       |       |     1 |       |       |       ||     1
 Armour: Skin              |     6 |       |       |     7 |    16 |    12 |    33 |    58 |    14 ||   146
  Dodge: Dodged            |    25 |    22 |    48 |   283 |   751 |   724 |  1514 |  1817 |   346 ||  5530
  Block: Other             |       |       |       |       |    23 |   124 |   209 |   145 |       ||   501
         Reflection        |       |       |       |       |       |    29 |    19 |     8 |       ||    56
   Form: Anaconda          |       |       |       |       |       |     7 |     1 |       |       ||     8
                           |       |       |       |       |       |     6 |     2 |       |       ||     8
         Blade             |       |       |       |       |       |     1 |       |       |       ||     1
         Storm             |       |       |       |       |       |       |     2 |     1 |       ||     3

Table legend: (Time is in decaauts)
 A = Elapsed time spent in this place.
 B = Non-inter-level travel time spent in this place.
 C = Inter-level travel time spent in this place.
 D = Time resting spent in this place.
 E = Time spent auto-exploring this place.
 F = Levels seen in this place.
 G = Mean time per level.
                   A        B        C        D        E       F      G
               +--------+--------+--------+--------+--------+-----+--------+
         Total |  58341 |  54027 |   4314 |   3531 |  32912 |  62 |  941.0 |
       Dungeon |  18961 |  17343 |   1618 |   1390 |  12062 |  15 | 1264.1 |
        Temple |    133 |     78 |     55 |      0 |     64 |   1 |  133.0 |
          Lair |   5364 |   4681 |    683 |     96 |   3203 |   5 | 1072.8 |
        Shoals |   3593 |   3352 |    241 |    233 |   1597 |   4 |  898.2 |
   Spider Nest |   3075 |   2941 |    134 |     85 |   1687 |   4 |  768.8 |
    Slime Pits |   1642 |   1571 |     71 |      0 |   1385 |   5 |  328.4 |
  Orcish Mines |   1768 |   1604 |    164 |     60 |    582 |   2 |  884.0 |
   Elven Halls |   3575 |   3376 |    199 |    240 |   1800 |   3 | 1191.7 |
        Vaults |   7330 |   6980 |    350 |    438 |   3621 |   5 | 1466.0 |
        Depths |   4905 |   4414 |    491 |    261 |   2916 |   4 | 1226.2 |
           Zot |   5097 |   4793 |    304 |    246 |   2870 |   5 | 1019.4 |
      Ziggurat |    261 |    261 |      0 |     66 |     93 |   5 |   52.2 |
        Bazaar |    240 |    240 |      0 |      0 |    179 |   2 |  120.0 |
        Bailey |   1594 |   1594 |      0 |    413 |    683 |   1 | 1594.0 |
    Desolation |    796 |    796 |      0 |      0 |    164 |   1 |  796.0 |
               +--------+--------+--------+--------+--------+-----+--------+

Top non-repeatable levels by time:
Vaults:5: 2116 daAuts
    D:10: 2023 daAuts
     D:9: 1787 daAuts
     D:4: 1756 daAuts
     D:8: 1656 daAuts
   Elf:3: 1646 daAuts
  Bailey: 1594 daAuts
     D:7: 1554 daAuts
Depths:3: 1515 daAuts
Vaults:3: 1415 daAuts
Vaults:4: 1337 daAuts
     D:3: 1303 daAuts
Vaults:1: 1300 daAuts
Depths:2: 1272 daAuts
  Lair:5: 1264 daAuts
